[ AOE2 MATCH · #470007572 ]
UnrankedPersians vs Spanish
[ REPLAY ANALYSIS · EXTRACTED FROM THE RECORDED GAME ]
Feudal
10:52
Castle
16:05
Imperial
31:48
| APM avg | 36.6 |
| APM peak | 178 |
| eAPM avg | 13.5 |
| Villagers / military | 141 / 935 |
Focus
⚔️ 43.1% · 🌾 56.9%
Archer ×335 · Knight ×310 · Scout Cavalry ×275 · Trade Cart ×22 · Trebuchet (Packed) ×15
Feudal
12:28
Castle
16:01
Imperial
31:52
| APM avg | 59.0 |
| APM peak | 123 |
| eAPM avg | 28.5 |
| Villagers / military | 214 / 1645 |
Focus
⚔️ 63.4% · 🌾 36.6%
Scout Cavalry ×717 · Knight ×510 · Conquistador ×394 · Trade Cart ×84 · Trebuchet (Packed) ×23 · Monk ×1
Feudal
11:07
Castle
15:46
Imperial
38:27
| APM avg | 21.4 |
| APM peak | 51 |
| eAPM avg | 14.8 |
| Villagers / military | 201 / 1700 |
Focus
⚔️ 52.9% · 🌾 47.1%
Skirmisher ×559 · Militia ×485 · Spearman ×452 · Scout Cavalry ×152 · Archer ×44 · Trade Cart ×40
Feudal
11:06
Castle
15:11
Imperial
34:36
| APM avg | 33.4 |
| APM peak | 112 |
| eAPM avg | 25.5 |
| Villagers / military | 108 / 1804 |
Focus
⚔️ 78.9% · 🌾 21.1%
Spearman ×1097 · Longbowman ×395 · Skirmisher ×277 · Trade Cart ×44 · Trebuchet (Packed) ×29 · Petard ×6
Feudal
10:59
Castle
15:23
Imperial
32:33
| APM avg | 23.6 |
| APM peak | 56 |
| eAPM avg | 17.9 |
| Villagers / military | 253 / 2962 |
Focus
⚔️ 59.6% · 🌾 40.4%
Spearman ×1543 · Skirmisher ×943 · Scorpion ×217 · Militia ×188 · Battering Ram ×45 · Trade Cart ×42
Feudal
11:27
Castle
14:57
Imperial
32:29
| APM avg | 21.8 |
| APM peak | 50 |
| eAPM avg | 15.2 |
| Villagers / military | 134 / 1523 |
Focus
⚔️ 58.2% · 🌾 41.8%
Spearman ×897 · Skirmisher ×525 · Unknown (1908) ×402 · Trade Cart ×68 · Bombard Cannon ×49 · Battering Ram ×28
Feudal
11:46
Castle
15:22
Imperial
34:26
| APM avg | 27.7 |
| APM peak | 78 |
| eAPM avg | 17.9 |
| Villagers / military | 332 / 966 |
Focus
⚔️ 39.4% · 🌾 60.6%
Militia ×438 · Spearman ×226 · Battering Ram ×112 · Scout Cavalry ×91 · Trade Cart ×79 · Cavalry Archer ×66
Feudal
11:22
Castle
14:55
Imperial
34:30
| APM avg | 36.0 |
| APM peak | 101 |
| eAPM avg | 23.8 |
| Villagers / military | 296 / 1932 |
Focus
⚔️ 53.1% · 🌾 46.9%
Spearman ×634 · Militia ×555 · Scout Cavalry ×284 · Cavalry Archer ×250 · Samurai ×86 · Trade Cart ×51
Match map
Initial resources + every placement click. Lines = walls · curves = elevation contours. ◆ gold · ⬟ stone · ● berries · ✦ relic · ◌ wall gap
Your base· ✓ Closed at 16:05 · 0t walls · 2 gate(s)
Hebron's base· ✓ Closed at 16:01 · 0t walls · 3 gate(s)
PJtheDcoy's base· ✓ Closed at 15:46 · 0t walls · 3 gate(s)
stubbornsandwich's base· ✓ Closed at 15:11 · 0t walls · 2 gate(s)
Shogun Dominic's base· ✓ Closed at 15:23 · 0t walls · 2 gate(s)
Relief's base· ✓ Closed at 14:57 · 0t walls · 2 gate(s)
Myrmidon Overlord's base· ✓ Closed at 15:22 · 0t walls · 3 gate(s)
Quando's base· ✓ Closed at 14:55 · 0t walls · 2 gate(s)
Smoothed initial terrain · ◌ = detected wall gap · hover for details
Inputs per minute
— Fr4ggi - - Hebron
Build order — Fr4ggi
First 150 of 615 actions detected
| 0:03 | Build | House |
| 0:08 | Build | House |
| 0:09 | Queue | Villager (Male) |
| 0:09 | Queue | Villager (Male) |
| 0:24 | Queue | Villager (Male) |
| 0:36 | Queue | Villager (Male) |
| 0:36 | Queue | Villager (Male) |
| 1:33 | Queue | Villager (Male) |
| 1:52 | Build | Lumber Camp |
| 2:08 | Queue | Villager (Male) |
| 2:20 | Queue | Villager (Male) |
| 3:02 | Queue | Villager (Male) |
| 3:24 | Queue | Villager (Male) |
| 3:24 | Queue | Villager (Male) |
| 3:33 | Build | House |
| 3:53 | Queue | Villager (Male) |
| 3:53 | Queue | Villager (Male) |
| 4:13 | Build | Mill |
| 4:15 | Queue | Villager (Male) |
| 5:03 | Queue | Villager (Male) |
| 5:03 | Queue | Villager (Male) |
| 5:13 | Queue | Villager (Male) |
| 5:21 | Queue | Villager (Male) |
| 5:57 | Queue | Villager (Male) |
| 6:17 | Build | Farm |
| 6:22 | Queue | Villager (Male) |
| 6:27 | Build | House |
| 7:16 | Build | Farm |
| 7:18 | Queue | Villager (Male) |
| 7:31 | Queue | Villager (Male) |
| 8:11 | Queue | Villager (Male) |
| 8:13 | Research | Feudal Age |
| 8:24 | Build | Farm |
| 8:43 | Build | Mining Camp |
| 9:16 | Build | Barracks |
| 10:11 | Build | House |
| 10:29 | Queue | Villager (Male) |
| 10:44 | Queue | Villager (Male) |
| 10:52 | Age | Feudal Age |
| 10:57 | Build | Stable |
| 11:18 | Build | Farm |
| 11:20 | Queue | Villager (Male) |
| 11:26 | Build | House |
| 11:41 | Build | Farm |
| 11:47 | Queue | Villager (Male) |
| 12:07 | Build | Farm |
| 12:52 | Build | Blacksmith |
| 12:54 | Queue | Villager (Male) |
| 13:17 | Queue | Villager (Male) |
| 13:39 | Research | Castle Age |
| 13:45 | Build | Farm |
| 13:54 | Research | Double-Bit Axe |
| 14:27 | Build | House |
| 14:51 | Build | Farm |
| 14:51 | Build | Farm |
| 14:52 | Build | Farm |
| 15:06 | Build | Lumber Camp |
| 15:20 | Build | Farm |
| 15:30 | Build | Farm |
| 15:32 | Queue | Villager (Male) |
| 15:34 | Research | Bloodlines |
| 15:40 | Research | Scale Barding Armor |
| 15:41 | Research | Forging |
| 16:05 | Age | Castle Age |
| 16:09 | Build | House |
| 16:12 | Queue | Knight |
| 16:21 | Research | Bow Saw |
| 16:34 | Queue | Villager (Male) |
| 16:43 | Queue | Knight |
| 17:04 | Build | Farm |
| 17:06 | Queue | Villager (Male) |
| 17:22 | Build | Farm |
| 17:27 | Queue | Villager (Male) |
| 17:28 | Queue | Knight |
| 17:33 | Build | Farm |
| 18:04 | Build | House |
| 18:06 | Build | House |
| 18:11 | Build | Farm |
| 18:13 | Queue | Knight |
| 18:15 | Queue | Villager (Male) |
| 18:31 | Build | Farm |
| 18:36 | Queue | Knight |
| 18:39 | Queue | Villager (Male) |
| 18:48 | Build | Town Center |
| 19:03 | Queue | Villager (Male) |
| 19:04 | Queue | Villager (Male) |
| 19:13 | Queue | Knight |
| 19:23 | Research | Gold Mining |
| 19:37 | Build | House |
| 19:41 | Build | House |
| 19:46 | Queue | Knight |
| 20:13 | Queue | Knight |
| 20:20 | Build | House |
| 20:52 | Build | House |
| 20:56 | Queue | Villager (Male) |
| 20:56 | Queue | Villager (Male) |
| 21:00 | Build | Farm |
| 21:06 | Build | Farm |
| 21:07 | Queue | Villager (Male) |
| 21:07 | Queue | Villager (Male) |
| 21:10 | Queue | Villager (Male) |
| 21:10 | Queue | Villager (Male) |
| 22:11 | Build | House |
| 22:14 | Research | Chain Barding Armor |
| 22:19 | Build | Mining Camp |
| 22:22 | Queue | Villager (Male) |
| 22:22 | Queue | Villager (Male) |
| 22:25 | Queue | Villager (Male) |
| 22:26 | Queue | Villager (Male) |
| 22:27 | Build | Farm |
| 22:30 | Build | Farm |
| 22:39 | Research | Husbandry |
| 22:51 | Build | Stable |
| 22:59 | Queue | Villager (Male) |
| 22:59 | Queue | Villager (Male) |
| 23:54 | Build | Mining Camp |
| 24:00 | Research | Loom |
| 24:00 | Research | Wheelbarrow |
| 24:03 | Queue | Villager (Male) |
| 24:03 | Queue | Villager (Male) |
| 24:07 | Queue | Villager (Male) |
| 24:07 | Queue | Villager (Male) |
| 24:12 | Queue | Villager (Male) |
| 24:12 | Queue | Villager (Male) |
| 24:23 | Queue | Villager (Male) |
| 24:23 | Research | Loom |
| 24:45 | Build | Siege Workshop |
| 25:01 | Queue | Villager (Male) |
| 25:01 | Queue | Villager (Male) |
| 25:09 | Queue | Villager (Male) |
| 25:11 | Queue | Villager (Male) |
| 25:12 | Queue | Villager (Male) |
| 25:19 | Research | Stone Mining |
| 25:38 | Queue | Villager (Male) |
| 25:53 | Research | Stone Shaft Mining |
| 25:59 | Queue | Villager (Male) |
| 26:14 | Build | University |
| 26:20 | Queue | Villager (Male) |
| 26:23 | Build | Farm |
| 26:27 | Queue | Villager (Male) |
| 26:32 | Queue | Villager (Male) |
| 26:32 | Queue | Villager (Male) |
| 26:45 | Research | Gold Shaft Mining |
| 27:31 | Build | House |
| 27:33 | Build | House |
| 27:48 | Build | Farm |
| 27:52 | Build | Farm |
| 28:08 | Build | Farm |
| 28:53 | Build | Farm |
| 28:55 | Build | Farm |
Build order — Hebron
First 150 of 1859 actions detected
| 0:01 | Queue | Villager (Male) |
| 0:01 | Queue | Villager (Male) |
| 0:02 | Build | House |
| 0:03 | Build | House |
| 0:05 | Build | House |
| 0:10 | Queue | Villager (Male) |
| 0:10 | Queue | Villager (Male) |
| 1:19 | Queue | Villager (Male) |
| 1:20 | Queue | Villager (Male) |
| 2:23 | Queue | Villager (Male) |
| 2:23 | Queue | Villager (Male) |
| 2:26 | Build | Lumber Camp |
| 2:51 | Queue | Villager (Male) |
| 2:51 | Queue | Villager (Male) |
| 3:23 | Queue | Villager (Male) |
| 3:53 | Queue | Villager (Male) |
| 3:53 | Queue | Villager (Male) |
| 4:08 | Queue | Villager (Male) |
| 4:08 | Queue | Villager (Male) |
| 4:48 | Queue | Villager (Male) |
| 4:48 | Queue | Villager (Male) |
| 5:01 | Build | Mill |
| 5:53 | Queue | Villager (Male) |
| 5:53 | Queue | Villager (Male) |
| 6:11 | Queue | Villager (Male) |
| 6:12 | Queue | Villager (Male) |
| 6:25 | Queue | Villager (Male) |
| 6:37 | Build | House |
| 7:50 | Queue | Villager (Male) |
| 8:10 | Build | Mining Camp |
| 8:17 | Queue | Villager (Male) |
| 8:17 | Queue | Villager (Male) |
| 8:49 | Queue | Villager (Male) |
| 9:01 | Build | House |
| 9:22 | Build | Mining Camp |
| 9:53 | Queue | Villager (Male) |
| 10:01 | Build | Farm |
| 10:03 | Build | Farm |
| 10:04 | Build | Farm |
| 10:09 | Research | Feudal Age |
| 10:26 | Build | Farm |
| 10:27 | Build | Farm |
| 10:40 | Queue | Villager (Male) |
| 10:41 | Queue | Villager (Male) |
| 11:44 | Build | Farm |
| 12:10 | Queue | Villager (Male) |
| 12:28 | Age | Feudal Age |
| 12:31 | Build | Blacksmith |
| 12:33 | Build | Market |
| 12:41 | Research | Double-Bit Axe |
| 13:21 | Research | Castle Age |
| 13:21 | Research | Castle Age |
| 13:21 | Research | Castle Age |
| 13:49 | Research | Horse Collar |
| 13:49 | Research | Horse Collar |
| 14:03 | Build | House |
| 14:04 | Build | House |
| 14:22 | Queue | Villager (Male) |
| 14:41 | Queue | Villager (Male) |
| 14:42 | Build | Farm |
| 15:04 | Build | House |
| 15:32 | Build | House |
| 16:01 | Age | Castle Age |
| 16:04 | Build | Castle |
| 16:37 | Build | Farm |
| 16:45 | Research | Bow Saw |
| 16:46 | Research | Heavy Plow |
| 16:47 | Queue | Villager (Male) |
| 16:50 | Build | Monastery |
| 16:58 | Build | Farm |
| 17:05 | Research | Wheelbarrow |
| 17:10 | Queue | Villager (Male) |
| 17:18 | Build | Farm |
| 17:18 | Build | Farm |
| 17:18 | Build | Farm |
| 17:18 | Build | Farm |
| 17:23 | Queue | Villager (Male) |
| 17:24 | Queue | Conquistador |
| 17:24 | Queue | Conquistador |
| 17:39 | Queue | Villager (Male) |
| 17:41 | Queue | Monk |
| 17:55 | Build | Farm |
| 17:57 | Build | Farm |
| 18:00 | Queue | Villager (Male) |
| 18:22 | Queue | Villager (Male) |
| 18:22 | Queue | Villager (Male) |
| 18:25 | Build | Farm |
| 18:36 | Queue | Conquistador |
| 18:40 | Build | Town Center |
| 18:50 | Queue | Conquistador |
| 18:56 | Build | Farm |
| 19:02 | Queue | Villager (Male) |
| 19:06 | Build | Farm |
| 19:13 | Research | Gold Mining |
| 19:21 | Queue | Villager (Male) |
| 19:32 | Queue | Conquistador |
| 19:33 | Queue | Conquistador |
| 19:33 | Queue | Conquistador |
| 19:49 | Queue | Conquistador |
| 19:55 | Build | Farm |
| 19:55 | Build | Farm |
| 19:56 | Build | Farm |
| 20:00 | Queue | Villager (Male) |
| 20:21 | Queue | Conquistador |
| 20:23 | Queue | Villager (Male) |
| 20:24 | Build | Farm |
| 20:34 | Queue | Villager (Male) |
| 20:37 | Queue | Villager (Male) |
| 20:52 | Queue | Conquistador |
| 20:53 | Queue | Villager (Male) |
| 20:53 | Queue | Villager (Male) |
| 21:13 | Queue | Villager (Male) |
| 21:14 | Queue | Villager (Male) |
| 21:36 | Queue | Villager (Male) |
| 21:37 | Queue | Conquistador |
| 21:38 | Queue | Conquistador |
| 21:42 | Build | Town Center |
| 21:50 | Queue | Villager (Male) |
| 21:50 | Queue | Villager (Male) |
| 22:01 | Queue | Villager (Male) |
| 22:08 | Queue | Villager (Male) |
| 22:20 | Queue | Conquistador |
| 22:21 | Queue | Villager (Male) |
| 22:57 | Queue | Villager (Male) |
| 22:58 | Queue | Villager (Male) |
| 22:58 | Queue | Villager (Male) |
| 23:00 | Queue | Villager (Male) |
| 23:00 | Queue | Villager (Male) |
| 23:13 | Queue | Villager (Male) |
| 23:13 | Queue | Villager (Male) |
| 23:39 | Queue | Villager (Male) |
| 24:00 | Queue | Villager (Male) |
| 24:00 | Queue | Villager (Male) |
| 24:01 | Queue | Villager (Male) |
| 24:01 | Queue | Villager (Male) |
| 24:03 | Build | Farm |
| 24:04 | Build | Farm |
| 24:04 | Build | Farm |
| 24:04 | Build | Farm |
| 24:04 | Build | Farm |
| 24:04 | Build | Farm |
| 24:05 | Build | Farm |
| 24:05 | Build | Farm |
| 24:09 | Research | Wheelbarrow |
| 24:10 | Research | Wheelbarrow |
| 24:24 | Queue | Villager (Male) |
| 24:24 | Queue | Villager (Male) |
| 24:28 | Build | Mill |
| 24:29 | Build | Farm |
| 24:29 | Build | Farm |
Build order — PJtheDcoy
First 150 of 788 actions detected
| 0:02 | Build | House |
| 0:05 | Build | House |
| 0:11 | Queue | Villager (Male) |
| 0:12 | Queue | Villager (Male) ×3 |
| 1:49 | Queue | Villager (Male) |
| 1:56 | Build | Lumber Camp |
| 2:11 | Queue | Villager (Male) |
| 2:23 | Queue | Villager (Male) |
| 2:53 | Queue | Villager (Male) |
| 3:31 | Queue | Villager (Male) |
| 3:43 | Queue | Villager (Male) |
| 3:47 | Build | House |
| 3:57 | Queue | Villager (Male) |
| 4:41 | Queue | Villager (Male) |
| 4:56 | Research | Loom |
| 4:57 | Queue | Villager (Male) |
| 5:17 | Build | House |
| 5:30 | Queue | Villager (Male) |
| 5:46 | Build | Mill |
| 5:48 | Queue | Villager (Male) |
| 5:48 | Queue | Villager (Male) |
| 5:49 | Queue | Villager (Male) |
| 7:15 | Queue | Villager (Male) |
| 7:29 | Queue | Villager (Male) |
| 7:30 | Queue | Villager (Male) |
| 8:08 | Build | House |
| 8:29 | Queue | Villager (Male) |
| 8:36 | Build | Mining Camp |
| 8:54 | Research | Feudal Age |
| 9:10 | Queue | Villager (Male) |
| 9:12 | Queue | Villager (Male) |
| 11:07 | Age | Feudal Age |
| 11:24 | Build | Blacksmith |
| 11:37 | Build | Market |
| 11:42 | Build | Farm |
| 11:52 | Queue | Villager (Male) |
| 11:58 | Build | Farm |
| 12:04 | Build | Farm |
| 12:05 | Build | Farm |
| 12:06 | Build | Farm |
| 12:09 | Build | Farm |
| 12:18 | Build | Farm |
| 12:29 | Build | Farm |
| 12:37 | Research | Loom |
| 13:06 | Research | Castle Age |
| 13:20 | Research | Horse Collar |
| 13:26 | Build | Farm |
| 13:26 | Build | Farm |
| 13:26 | Build | Farm |
| 13:27 | Build | Farm |
| 13:27 | Build | Farm |
| 13:29 | Build | Farm |
| 13:49 | Research | Double-Bit Axe |
| 14:56 | Queue | Villager (Male) |
| 14:56 | Queue | Villager (Male) |
| 15:32 | Build | Barracks |
| 15:38 | Build | House |
| 15:44 | Build | House |
| 15:46 | Age | Castle Age |
| 15:47 | Queue | Villager (Male) |
| 15:59 | Build | Town Center |
| 16:07 | Research | Wheelbarrow |
| 16:22 | Build | Siege Workshop |
| 16:43 | Research | Squires |
| 16:44 | Research | Man-at-Arms (upgrade) |
| 16:46 | Research | Scale Mail Armor |
| 16:56 | Research | Gold Mining |
| 17:06 | Queue | Villager (Male) |
| 17:13 | Build | Farm |
| 17:14 | Build | Farm |
| 17:26 | Queue | Battering Ram |
| 18:18 | Queue | Militia |
| 18:19 | Queue | Militia |
| 18:19 | Queue | Villager (Male) |
| 18:20 | Queue | Villager (Male) |
| 18:22 | Queue | Villager (Male) |
| 18:22 | Queue | Villager (Male) |
| 18:33 | Queue | Battering Ram |
| 18:35 | Queue | Militia |
| 18:48 | Build | Farm |
| 19:09 | Build | Mining Camp |
| 19:15 | Build | Mining Camp |
| 19:21 | Queue | Villager (Male) |
| 19:23 | Queue | Villager (Male) |
| 19:23 | Queue | Villager (Male) |
| 19:26 | Build | Farm |
| 19:29 | Queue | Militia |
| 19:29 | Queue | Militia |
| 19:39 | Queue | Villager (Male) |
| 19:40 | Queue | Villager (Male) |
| 19:45 | Build | House |
| 19:52 | Build | Farm |
| 20:04 | Build | House |
| 20:04 | Build | House |
| 20:05 | Build | House |
| 20:06 | Build | House |
| 20:12 | Queue | Villager (Male) |
| 20:14 | Queue | Villager (Male) |
| 20:17 | Queue | Militia |
| 20:18 | Queue | Militia |
| 21:00 | Queue | Villager (Male) |
| 21:01 | Queue | Villager (Male) |
| 21:02 | Queue | Villager (Male) |
| 21:28 | Build | Gate |
| 21:40 | Build | Archery Range |
| 21:42 | Research | Fletching |
| 21:42 | Research | Padded Archer Armor |
| 22:23 | Build | Archery Range |
| 22:24 | Queue | Villager (Male) ×5 |
| 22:26 | Build | Farm |
| 22:49 | Queue | Skirmisher |
| 22:49 | Queue | Skirmisher |
| 23:05 | Build | Farm |
| 23:06 | Build | Farm |
| 23:37 | Research | Elite Skirmisher (upgrade) |
| 23:41 | Research | Bodkin Arrow |
| 24:06 | Build | Stone Wall |
| 24:16 | Build | Stone Wall |
| 24:46 | Queue | Skirmisher ×5 |
| 25:26 | Build | Farm |
| 25:49 | Queue | Villager (Male) ×5 |
| 25:58 | Build | Gate |
| 26:10 | Build | Mining Camp |
| 26:11 | Build | Farm |
| 26:23 | Build | Farm |
| 26:34 | Queue | Villager (Male) ×5 |
| 26:54 | Queue | Villager (Male) ×4 |
| 27:01 | Build | Farm |
| 27:08 | Queue | Villager (Male) |
| 27:17 | Research | Stone Mining |
| 27:23 | Queue | Villager (Male) |
| 28:04 | Build | Farm |
| 28:13 | Queue | Skirmisher |
| 28:13 | Queue | Skirmisher |
| 28:32 | Research | Bow Saw |
| 29:21 | Queue | Skirmisher |
| 29:22 | Queue | Skirmisher |
| 29:22 | Queue | Skirmisher |
| 29:23 | Queue | Skirmisher |
| 29:29 | Queue | Skirmisher |
| 29:30 | Queue | Skirmisher |
| 29:40 | Build | House |
| 29:40 | Build | House |
| 29:47 | Queue | Mangonel |
| 29:55 | Queue | Villager (Male) |
| 29:55 | Queue | Villager (Male) |
| 30:21 | Queue | Mangonel |
| 30:28 | Queue | Villager (Male) |
| 30:28 | Queue | Villager (Male) |
| 30:31 | Queue | Villager (Male) |
Build order — stubbornsandwich
First 150 of 2138 actions detected
| 0:01 | Queue | Villager (Male) |
| 0:01 | Queue | Villager (Male) |
| 0:02 | Queue | Villager (Male) |
| 0:02 | Queue | Villager (Male) |
| 0:04 | Build | House |
| 0:06 | Build | House |
| 1:26 | Queue | Villager (Male) |
| 1:57 | Build | Lumber Camp |
| 1:59 | Queue | Villager (Male) |
| 2:13 | Queue | Villager (Male) |
| 2:30 | Build | House |
| 3:02 | Queue | Villager (Male) |
| 3:02 | Queue | Villager (Male) |
| 3:36 | Queue | Villager (Male) |
| 4:06 | Build | House |
| 4:14 | Queue | Villager (Male) |
| 4:14 | Queue | Villager (Male) |
| 4:20 | Build | Mill |
| 5:11 | Queue | Villager (Male) |
| 5:11 | Queue | Villager (Male) |
| 5:30 | Queue | Villager (Male) |
| 5:54 | Queue | Villager (Male) |
| 6:30 | Build | Lumber Camp |
| 6:32 | Queue | Villager (Male) |
| 6:44 | Queue | Villager (Male) |
| 7:32 | Queue | Villager (Male) |
| 8:03 | Queue | Villager (Male) |
| 8:04 | Queue | Villager (Male) |
| 8:24 | Build | Mining Camp |
| 8:26 | Build | House |
| 8:32 | Research | Feudal Age |
| 9:25 | Queue | Villager (Male) |
| 9:25 | Queue | Villager (Male) |
| 9:26 | Queue | Villager (Male) |
| 11:06 | Age | Feudal Age |
| 11:10 | Build | Blacksmith |
| 11:11 | Build | Market |
| 11:21 | Build | Farm |
| 11:22 | Build | Farm |
| 11:23 | Build | Farm |
| 11:27 | Build | Farm |
| 11:31 | Build | Farm |
| 12:06 | Build | Farm |
| 12:08 | Build | Farm |
| 12:31 | Research | Castle Age |
| 12:46 | Build | Mining Camp |
| 13:10 | Research | Double-Bit Axe |
| 13:38 | Build | House |
| 13:43 | Research | Stone Mining |
| 13:43 | Research | Stone Mining |
| 15:02 | Queue | Villager (Male) |
| 15:03 | Queue | Villager (Male) |
| 15:03 | Queue | Villager (Male) |
| 15:11 | Age | Castle Age |
| 15:22 | Build | Town Center |
| 16:07 | Research | Loom |
| 16:15 | Build | House |
| 16:36 | Queue | Villager (Male) |
| 16:43 | Build | Barracks |
| 17:03 | Build | Castle |
| 17:08 | Queue | Villager (Male) |
| 17:13 | Queue | Villager (Male) |
| 17:33 | Queue | Villager (Male) |
| 17:33 | Queue | Villager (Male) |
| 17:41 | Research | Bow Saw |
| 17:46 | Queue | Villager (Male) |
| 17:55 | Build | Archery Range |
| 18:00 | Build | House |
| 18:12 | Queue | Villager (Male) |
| 18:13 | Queue | Villager (Male) |
| 18:35 | Queue | Villager (Male) |
| 18:47 | Build | Farm |
| 18:48 | Build | Farm |
| 18:56 | Queue | Petard |
| 18:58 | Queue | Petard |
| 19:07 | Queue | Villager (Male) |
| 19:22 | Build | Farm |
| 19:24 | Build | Farm |
| 19:26 | Build | Farm |
| 19:31 | Build | Farm |
| 19:33 | Build | Farm |
| 19:34 | Build | Farm |
| 19:38 | Build | House |
| 19:58 | Research | Fletching |
| 20:09 | Build | Farm |
| 20:26 | Queue | Longbowman |
| 20:45 | Research | Pikeman (upgrade) |
| 20:56 | Queue | Longbowman |
| 21:06 | Queue | Villager (Male) |
| 21:07 | Queue | Villager (Male) |
| 21:09 | Queue | Villager (Male) |
| 21:11 | Build | Farm |
| 21:12 | Build | Farm |
| 21:21 | Build | Farm |
| 21:23 | Queue | Longbowman |
| 21:33 | Queue | Villager (Male) |
| 21:34 | Queue | Villager (Male) |
| 21:38 | Build | Farm |
| 21:48 | Build | House |
| 21:49 | Build | House |
| 21:53 | Queue | Longbowman |
| 21:55 | Queue | Longbowman |
| 21:57 | Queue | Villager (Male) |
| 21:58 | Queue | Villager (Male) |
| 22:27 | Research | Bodkin Arrow |
| 22:43 | Queue | Villager (Male) |
| 22:44 | Queue | Villager (Male) |
| 22:51 | Queue | Villager (Male) |
| 22:53 | Queue | Villager (Male) |
| 22:58 | Build | House |
| 22:59 | Build | House |
| 23:35 | Queue | Longbowman |
| 23:36 | Queue | Longbowman |
| 23:41 | Queue | Villager (Male) |
| 23:41 | Queue | Villager (Male) |
| 23:43 | Queue | Villager (Male) |
| 23:43 | Queue | Villager (Male) |
| 24:12 | Queue | Petard |
| 24:12 | Queue | Petard |
| 24:30 | Build | House |
| 24:30 | Queue | Villager (Male) |
| 24:31 | Queue | Villager (Male) |
| 24:33 | Queue | Villager (Male) |
| 24:34 | Queue | Villager (Male) |
| 24:38 | Build | Farm |
| 24:41 | Build | Farm |
| 24:46 | Build | Farm |
| 25:41 | Queue | Longbowman |
| 25:41 | Queue | Longbowman |
| 25:44 | Queue | Villager (Male) |
| 25:44 | Queue | Villager (Male) |
| 25:45 | Queue | Villager (Male) |
| 25:46 | Queue | Villager (Male) |
| 25:51 | Research | Horse Collar |
| 25:53 | Build | House |
| 25:54 | Build | House |
| 26:11 | Build | Castle |
| 26:13 | Queue | Longbowman |
| 26:26 | Build | University |
| 26:31 | Queue | Longbowman |
| 26:36 | Research | Padded Archer Armor |
| 26:38 | Queue | Villager (Male) |
| 26:38 | Queue | Villager (Male) |
| 26:44 | Queue | Villager (Male) |
| 26:48 | Research | Wheelbarrow |
| 26:54 | Build | Town Center |
| 27:01 | Queue | Longbowman |
| 27:01 | Queue | Longbowman |
| 27:17 | Research | Scale Mail Armor |
| 27:21 | Queue | Longbowman |
Build order — Shogun Dominic
First 150 of 1287 actions detected
| 0:02 | Build | House |
| 0:04 | Build | House |
| 0:18 | Queue | Villager (Male) |
| 0:19 | Queue | Villager (Male) |
| 0:19 | Queue | Villager (Male) |
| 0:19 | Queue | Villager (Male) |
| 1:29 | Queue | Villager (Male) |
| 2:04 | Build | Lumber Camp |
| 2:06 | Queue | Villager (Male) |
| 2:40 | Queue | Villager (Male) |
| 2:56 | Queue | Villager (Male) |
| 3:33 | Queue | Villager (Male) |
| 3:45 | Queue | Villager (Male) |
| 4:08 | Build | House |
| 4:14 | Build | Mill |
| 4:21 | Queue | Villager (Male) |
| 4:23 | Build | Mill |
| 4:51 | Queue | Villager (Male) |
| 5:07 | Queue | Villager (Male) |
| 5:32 | Queue | Villager (Male) |
| 5:49 | Build | House |
| 5:52 | Build | Lumber Camp |
| 5:56 | Queue | Villager (Male) |
| 6:23 | Queue | Villager (Male) |
| 6:50 | Queue | Villager (Male) |
| 7:31 | Queue | Villager (Male) |
| 7:31 | Queue | Villager (Male) |
| 8:24 | Queue | Villager (Male) |
| 8:27 | Research | Feudal Age |
| 9:15 | Build | Mining Camp |
| 9:53 | Build | House |
| 10:11 | Queue | Villager (Male) |
| 10:40 | Build | Farm |
| 10:41 | Build | Farm |
| 10:42 | Build | Farm |
| 10:44 | Build | Farm |
| 10:46 | Build | Farm |
| 10:47 | Build | Farm |
| 10:59 | Age | Feudal Age |
| 11:11 | Build | Blacksmith |
| 11:18 | Queue | Villager (Male) |
| 11:45 | Queue | Villager (Male) |
| 11:53 | Build | Market |
| 12:02 | Build | Farm |
| 12:06 | Queue | Villager (Male) |
| 12:16 | Build | Farm |
| 12:43 | Research | Castle Age |
| 13:20 | Research | Double-Bit Axe |
| 14:50 | Build | House |
| 14:58 | Build | House |
| 15:23 | Age | Castle Age |
| 15:24 | Build | Mining Camp |
| 15:37 | Build | Town Center |
| 15:58 | Build | Town Center |
| 16:05 | Research | Bow Saw |
| 16:22 | Queue | Villager (Male) |
| 16:22 | Queue | Villager (Male) |
| 16:22 | Queue | Villager (Male) |
| 16:23 | Queue | Villager (Male) |
| 16:55 | Queue | Villager (Male) |
| 16:56 | Queue | Villager (Male) |
| 16:56 | Queue | Villager (Male) |
| 16:56 | Queue | Villager (Male) |
| 16:57 | Queue | Villager (Male) |
| 17:07 | Build | House |
| 17:14 | Research | Horse Collar |
| 17:34 | Research | Stone Mining |
| 17:37 | Queue | Villager (Male) |
| 17:37 | Queue | Villager (Male) |
| 17:38 | Queue | Villager (Male) |
| 18:04 | Build | Town Center |
| 18:24 | Build | Barracks |
| 18:27 | Queue | Villager (Male) |
| 18:27 | Queue | Villager (Male) |
| 18:27 | Queue | Villager (Male) |
| 18:35 | Research | Gold Mining |
| 18:43 | Build | Siege Workshop |
| 18:47 | Queue | Villager (Male) |
| 19:11 | Queue | Villager (Male) |
| 19:11 | Queue | Villager (Male) |
| 19:17 | Build | Farm |
| 19:39 | Queue | Scorpion |
| 19:40 | Queue | Scorpion |
| 19:47 | Queue | Villager (Male) |
| 19:48 | Queue | Villager (Male) |
| 19:48 | Queue | Villager (Male) |
| 20:19 | Build | Farm |
| 20:20 | Build | Farm |
| 20:20 | Build | Farm |
| 20:20 | Build | Farm |
| 20:20 | Build | Farm |
| 20:27 | Queue | Villager (Male) |
| 20:27 | Queue | Villager (Male) |
| 20:33 | Build | Farm |
| 20:57 | Queue | Villager (Male) |
| 20:57 | Queue | Villager (Male) |
| 20:57 | Queue | Villager (Male) |
| 20:58 | Queue | Villager (Male) |
| 21:11 | Build | Farm |
| 21:12 | Queue | Villager (Male) |
| 21:12 | Queue | Villager (Male) |
| 21:27 | Queue | Villager (Male) |
| 21:32 | Build | Farm |
| 21:33 | Build | Farm |
| 21:33 | Build | Farm |
| 21:37 | Build | Farm |
| 21:44 | Queue | Villager (Male) |
| 21:44 | Queue | Villager (Male) |
| 21:45 | Queue | Villager (Male) |
| 21:56 | Queue | Villager (Male) |
| 22:00 | Build | Farm |
| 22:34 | Queue | Villager (Male) |
| 22:34 | Queue | Villager (Male) |
| 22:34 | Queue | Villager (Male) |
| 22:35 | Queue | Villager (Male) |
| 22:35 | Queue | Villager (Male) |
| 22:35 | Queue | Villager (Male) |
| 22:41 | Build | House |
| 22:42 | Build | House |
| 22:45 | Build | House |
| 22:46 | Build | House |
| 22:48 | Queue | Villager (Male) |
| 22:48 | Queue | Villager (Male) |
| 22:59 | Research | Heavy Plow |
| 23:01 | Queue | Villager (Male) |
| 23:01 | Queue | Villager (Male) |
| 23:25 | Queue | Villager (Male) |
| 23:26 | Queue | Villager (Male) |
| 23:26 | Queue | Villager (Male) |
| 23:26 | Queue | Villager (Male) |
| 23:31 | Build | Farm |
| 23:39 | Queue | Villager (Male) |
| 23:39 | Queue | Villager (Male) |
| 23:40 | Queue | Villager (Male) |
| 24:06 | Build | Castle |
| 24:07 | Queue | Villager (Male) |
| 24:07 | Queue | Villager (Male) |
| 24:07 | Queue | Villager (Male) |
| 24:11 | Build | Farm |
| 24:12 | Build | Farm |
| 24:12 | Build | Farm |
| 24:12 | Build | Farm |
| 24:12 | Build | Farm |
| 24:13 | Build | Farm |
| 24:14 | Build | Farm |
| 24:19 | Queue | Villager (Male) |
| 24:19 | Queue | Villager (Male) |
| 24:47 | Queue | Villager (Male) |
| 24:47 | Queue | Villager (Male) |
| 24:47 | Queue | Villager (Male) |
Build order — Relief
First 150 of 1030 actions detected
| 0:04 | Queue | Villager (Male) |
| 0:04 | Queue | Villager (Male) |
| 0:04 | Queue | Villager (Male) |
| 0:06 | Build | House |
| 0:08 | Build | House |
| 0:12 | Queue | Villager (Male) |
| 0:12 | Queue | Villager (Male) |
| 1:38 | Queue | Villager (Male) |
| 1:58 | Build | Lumber Camp |
| 2:00 | Queue | Villager (Male) |
| 2:23 | Queue | Villager (Male) |
| 2:42 | Queue | Villager (Male) |
| 3:03 | Queue | Villager (Male) |
| 3:29 | Queue | Villager (Male) |
| 3:57 | Build | House |
| 3:59 | Build | House |
| 4:17 | Queue | Villager (Male) |
| 4:20 | Build | Mill |
| 4:39 | Queue | Villager (Male) |
| 5:04 | Queue | Villager (Male) |
| 5:25 | Queue | Villager (Male) |
| 5:32 | Queue | Villager (Male) |
| 5:51 | Queue | Villager (Male) |
| 6:09 | Build | Farm |
| 6:11 | Queue | Villager (Male) |
| 6:16 | Build | Farm |
| 6:20 | Build | Farm |
| 6:21 | Queue | Villager (Male) |
| 6:48 | Queue | Villager (Male) |
| 7:00 | Queue | Villager (Male) |
| 7:00 | Queue | Villager (Male) |
| 7:26 | Build | House |
| 7:32 | Queue | Villager (Male) |
| 7:42 | Build | Mining Camp |
| 8:57 | Build | Mining Camp |
| 9:05 | Research | Feudal Age |
| 9:50 | Queue | Villager (Male) |
| 9:51 | Queue | Villager (Male) |
| 11:27 | Age | Feudal Age |
| 11:30 | Build | Market |
| 11:32 | Build | Blacksmith |
| 11:34 | Build | House |
| 11:44 | Build | House |
| 12:17 | Research | Castle Age |
| 12:44 | Research | Double-Bit Axe |
| 12:46 | Research | Horse Collar |
| 13:28 | Queue | Villager (Male) |
| 14:57 | Age | Castle Age |
| 15:00 | Build | Monastery |
| 15:02 | Queue | Villager (Male) |
| 15:10 | Build | Farm |
| 15:29 | Queue | Villager (Male) |
| 15:57 | Build | Castle |
| 16:03 | Queue | Villager (Male) |
| 16:20 | Build | Town Center |
| 16:23 | Queue | Villager (Male) |
| 16:37 | Queue | Monk |
| 17:01 | Build | Town Center |
| 17:03 | Queue | Villager (Male) |
| 17:14 | Build | Farm |
| 17:26 | Build | Farm |
| 17:43 | Research | Fervor |
| 17:44 | Queue | Unit 1908 |
| 17:48 | Queue | Villager (Male) |
| 17:50 | Queue | Villager (Male) |
| 17:51 | Queue | Villager (Male) |
| 18:16 | Queue | Unit 1908 |
| 18:18 | Queue | Villager (Male) |
| 18:34 | Build | Farm |
| 18:38 | Build | Farm |
| 18:42 | Build | House |
| 18:49 | Queue | Villager (Male) |
| 19:01 | Build | Farm |
| 19:08 | Build | Farm |
| 19:09 | Queue | Villager (Male) |
| 19:23 | Build | House |
| 19:24 | Build | House |
| 19:28 | Build | Farm |
| 19:29 | Queue | Villager (Male) |
| 19:29 | Queue | Villager (Male) |
| 19:40 | Build | Farm |
| 19:42 | Queue | Villager (Male) |
| 20:02 | Build | Farm |
| 20:03 | Queue | Villager (Male) |
| 20:11 | Build | Farm |
| 20:13 | Build | Farm |
| 20:17 | Build | Farm |
| 20:20 | Queue | Villager (Male) |
| 20:20 | Queue | Villager (Male) |
| 20:25 | Build | House |
| 20:28 | Build | House |
| 20:30 | Build | House |
| 20:31 | Queue | Villager (Male) |
| 20:32 | Queue | Villager (Male) |
| 20:39 | Build | Farm |
| 20:50 | Build | Farm |
| 20:51 | Queue | Villager (Male) |
| 21:02 | Build | Farm |
| 21:03 | Queue | Villager (Male) |
| 21:05 | Queue | Villager (Male) |
| 21:07 | Queue | Villager (Male) |
| 21:31 | Build | Farm |
| 21:33 | Queue | Villager (Male) |
| 21:33 | Queue | Villager (Male) |
| 21:43 | Queue | Villager (Male) |
| 21:44 | Queue | Villager (Male) |
| 21:50 | Build | Farm |
| 21:53 | Research | Loom |
| 22:03 | Queue | Monk |
| 22:06 | Build | House |
| 22:07 | Build | House |
| 22:08 | Build | House |
| 22:10 | Queue | Villager (Male) |
| 22:11 | Queue | Villager (Male) |
| 22:12 | Queue | Villager (Male) |
| 22:17 | Build | Farm |
| 22:38 | Queue | Villager (Male) |
| 22:38 | Queue | Villager (Male) |
| 22:44 | Build | Farm |
| 22:45 | Queue | Villager (Male) |
| 22:58 | Queue | Villager (Male) |
| 22:58 | Queue | Villager (Male) |
| 23:13 | Build | Barracks |
| 23:15 | Queue | Villager (Male) |
| 23:15 | Queue | Villager (Male) |
| 23:16 | Queue | Villager (Male) |
| 23:31 | Queue | Unit 1908 |
| 23:32 | Queue | Unit 1908 |
| 23:41 | Build | Farm |
| 23:41 | Build | Farm |
| 23:41 | Build | Farm |
| 23:42 | Build | Farm |
| 23:48 | Build | House |
| 23:49 | Build | House |
| 23:51 | Queue | Unit 1908 |
| 23:52 | Research | Scale Barding Armor |
| 23:54 | Queue | Villager (Male) |
| 23:54 | Queue | Villager (Male) |
| 23:55 | Queue | Villager (Male) |
| 23:55 | Queue | Villager (Male) |
| 24:00 | Build | Farm |
| 24:02 | Build | Farm |
| 24:11 | Queue | Villager (Male) |
| 24:26 | Queue | Villager (Male) |
| 24:26 | Queue | Villager (Male) |
| 24:30 | Build | Farm |
| 24:36 | Queue | Villager (Male) |
| 24:36 | Queue | Villager (Male) |
| 24:43 | Queue | Unit 1908 |
| 25:07 | Research | Chain Barding Armor |
Build order — Myrmidon Overlord
First 150 of 989 actions detected
| 0:01 | Queue | Villager (Male) |
| 0:01 | Queue | Villager (Male) |
| 0:02 | Build | House |
| 0:03 | Build | House |
| 0:41 | Queue | Villager (Male) |
| 0:42 | Queue | Villager (Male) |
| 1:24 | Queue | Villager (Male) |
| 1:51 | Build | Lumber Camp |
| 1:55 | Queue | Villager (Male) |
| 2:16 | Queue | Villager (Male) |
| 2:16 | Queue | Villager (Male) |
| 2:25 | Queue | Villager (Male) |
| 2:25 | Queue | Villager (Male) |
| 2:51 | Queue | Villager (Male) |
| 2:52 | Queue | Villager (Male) |
| 3:20 | Queue | Villager (Male) |
| 3:24 | Build | House |
| 4:03 | Queue | Villager (Male) |
| 4:03 | Queue | Villager (Male) |
| 4:19 | Queue | Villager (Male) |
| 4:20 | Queue | Villager (Male) |
| 4:33 | Build | Mill |
| 4:56 | Queue | Villager (Male) |
| 4:57 | Queue | Villager (Male) |
| 5:18 | Queue | Villager (Male) |
| 5:19 | Queue | Villager (Male) |
| 5:29 | Build | House |
| 6:04 | Queue | Villager (Male) |
| 6:20 | Queue | Villager (Male) |
| 6:56 | Queue | Villager (Male) |
| 7:17 | Build | Farm |
| 7:20 | Build | Farm |
| 7:34 | Queue | Villager (Male) |
| 7:53 | Build | House |
| 8:07 | Build | Farm |
| 8:35 | Build | Mining Camp |
| 8:38 | Queue | Villager (Male) |
| 8:49 | Build | Farm |
| 9:06 | Queue | Villager (Male) |
| 9:32 | Research | Feudal Age |
| 9:37 | Build | Farm |
| 9:45 | Build | Farm |
| 9:55 | Queue | Villager (Male) |
| 9:55 | Queue | Villager (Male) |
| 11:29 | Build | House |
| 11:46 | Age | Feudal Age |
| 11:48 | Build | Blacksmith |
| 11:51 | Build | Market |
| 12:11 | Build | Lumber Camp |
| 12:18 | Research | Double-Bit Axe |
| 12:42 | Research | Castle Age |
| 12:42 | Research | Castle Age |
| 12:44 | Research | Horse Collar |
| 13:46 | Build | House |
| 14:56 | Queue | Villager (Male) |
| 14:56 | Queue | Villager (Male) |
| 15:09 | Build | House |
| 15:10 | Build | House |
| 15:22 | Age | Castle Age |
| 15:26 | Build | Town Center |
| 15:27 | Queue | Villager (Male) |
| 15:36 | Build | Town Center |
| 15:36 | Queue | Villager (Male) |
| 15:42 | Queue | Villager (Male) |
| 15:55 | Build | Stone Wall |
| 16:02 | Build | House |
| 16:02 | Queue | Villager (Male) |
| 16:06 | Build | House |
| 16:10 | Build | Stone Wall |
| 16:19 | Queue | Villager (Male) |
| 16:26 | Build | Siege Workshop |
| 16:27 | Queue | Villager (Male) |
| 16:38 | Research | Heavy Plow |
| 16:52 | Build | Farm |
| 17:20 | Build | Krepost |
| 17:20 | Queue | Villager (Male) |
| 17:21 | Queue | Villager (Male) |
| 17:23 | Queue | Villager (Male) |
| 17:24 | Queue | Villager (Male) |
| 17:29 | Build | Farm |
| 17:30 | Queue | Villager (Male) |
| 17:40 | Queue | Villager (Male) |
| 17:42 | Queue | Villager (Male) |
| 17:58 | Research | Fletching |
| 18:26 | Queue | Mangonel |
| 18:32 | Build | House |
| 18:33 | Queue | Villager (Male) |
| 18:39 | Build | House |
| 18:50 | Build | Stone Wall |
| 18:50 | Queue | Villager (Male) |
| 18:55 | Research | Loom |
| 19:05 | Queue | Villager (Male) |
| 19:44 | Build | Mining Camp |
| 19:44 | Queue | Villager (Male) |
| 19:50 | Build | Farm |
| 19:50 | Build | Farm |
| 19:52 | Build | Farm |
| 19:52 | Queue | Villager (Male) |
| 20:11 | Build | Krepost |
| 20:11 | Queue | Villager (Male) |
| 20:17 | Build | Stone Wall |
| 20:21 | Build | Stone Wall |
| 20:40 | Build | Farm |
| 20:41 | Build | Farm |
| 20:43 | Queue | Villager (Male) |
| 20:44 | Queue | Villager (Male) |
| 20:53 | Build | Stone Wall |
| 21:18 | Queue | Mangonel |
| 21:50 | Queue | Konnik |
| 21:50 | Queue | Konnik |
| 22:10 | Queue | Villager (Male) |
| 22:11 | Queue | Villager (Male) |
| 22:14 | Queue | Villager (Male) |
| 22:47 | Queue | Villager (Male) |
| 22:50 | Build | Farm |
| 22:53 | Build | Farm |
| 22:56 | Build | Farm |
| 22:58 | Build | Farm |
| 23:03 | Build | Farm |
| 23:03 | Build | Farm |
| 23:24 | Build | Stone Wall |
| 23:24 | Queue | Villager (Male) |
| 23:37 | Build | Mining Camp |
| 23:57 | Build | Lumber Camp |
| 23:57 | Queue | Villager (Male) |
| 24:21 | Queue | Villager (Male) |
| 24:46 | Build | Krepost |
| 24:46 | Queue | Villager (Male) |
| 24:59 | Queue | Konnik |
| 25:14 | Queue | Villager (Male) |
| 25:28 | Queue | Villager (Male) |
| 25:32 | Build | Mill |
| 25:35 | Build | Farm |
| 25:35 | Build | Farm |
| 25:51 | Queue | Konnik |
| 25:55 | Queue | Villager (Male) |
| 25:56 | Queue | Villager (Male) |
| 25:56 | Queue | Villager (Male) |
| 25:56 | Queue | Villager (Male) |
| 26:00 | Build | Farm |
| 26:01 | Build | Farm |
| 26:05 | Queue | Villager (Male) |
| 26:28 | Queue | Villager (Male) |
| 26:28 | Queue | Villager (Male) |
| 26:33 | Build | Farm |
| 26:34 | Build | Farm |
| 26:36 | Build | Farm |
| 26:37 | Queue | Villager (Male) |
| 26:40 | Build | Farm |
| 26:45 | Queue | Villager (Male) |
Build order — Quando
First 150 of 1194 actions detected
| 0:01 | Queue | Villager (Male) |
| 0:01 | Queue | Villager (Male) |
| 0:02 | Queue | Villager (Male) |
| 0:03 | Build | House |
| 0:04 | Build | House |
| 0:27 | Queue | Villager (Male) |
| 1:29 | Queue | Villager (Male) |
| 1:29 | Queue | Villager (Male) |
| 1:47 | Build | Lumber Camp |
| 1:59 | Queue | Villager (Male) |
| 2:07 | Queue | Villager (Male) |
| 2:07 | Queue | Villager (Male) |
| 2:52 | Queue | Villager (Male) |
| 2:53 | Queue | Villager (Male) |
| 3:46 | Queue | Villager (Male) |
| 3:50 | Queue | Villager (Male) |
| 3:52 | Build | House |
| 3:53 | Build | House |
| 4:31 | Queue | Villager (Male) |
| 4:31 | Queue | Villager (Male) |
| 4:55 | Queue | Villager (Male) |
| 5:00 | Queue | Villager (Male) |
| 5:01 | Queue | Villager (Male) |
| 5:34 | Build | Mill |
| 5:48 | Queue | Villager (Male) |
| 6:34 | Queue | Villager (Male) |
| 6:52 | Queue | Villager (Male) |
| 7:17 | Build | Farm |
| 7:19 | Build | Farm |
| 7:28 | Queue | Villager (Male) |
| 7:28 | Queue | Villager (Male) |
| 7:34 | Build | Mining Camp |
| 7:42 | Build | House |
| 8:00 | Queue | Villager (Male) |
| 8:00 | Queue | Villager (Male) |
| 8:35 | Research | Feudal Age |
| 8:56 | Build | Mining Camp |
| 9:01 | Queue | Villager (Male) |
| 9:02 | Queue | Villager (Male) |
| 11:22 | Age | Feudal Age |
| 11:23 | Build | Market |
| 11:25 | Build | Blacksmith |
| 12:15 | Research | Castle Age |
| 12:21 | Research | Double-Bit Axe |
| 12:28 | Build | Farm |
| 12:30 | Build | Farm |
| 13:40 | Research | Loom |
| 13:55 | Research | Horse Collar |
| 14:16 | Build | House |
| 14:23 | Build | Farm |
| 14:55 | Age | Castle Age |
| 14:58 | Build | Castle |
| 15:01 | Research | Bow Saw |
| 15:14 | Build | Siege Workshop |
| 15:24 | Queue | Villager (Male) |
| 15:25 | Queue | Villager (Male) |
| 15:59 | Queue | Battering Ram |
| 16:04 | Queue | Mangonel |
| 16:11 | Build | Mining Camp |
| 16:13 | Queue | Villager (Male) |
| 16:42 | Queue | Villager (Male) |
| 16:44 | Build | Farm |
| 16:48 | Build | Town Center |
| 16:57 | Queue | Villager (Male) |
| 16:59 | Queue | Samurai |
| 17:03 | Queue | Battering Ram |
| 17:10 | Build | Farm |
| 17:25 | Queue | Villager (Male) |
| 17:25 | Queue | Villager (Male) |
| 17:56 | Queue | Samurai |
| 18:02 | Queue | Villager (Male) |
| 18:04 | Build | Farm |
| 18:04 | Build | Farm |
| 18:18 | Build | Farm |
| 18:18 | Build | Farm |
| 18:18 | Build | Farm |
| 18:32 | Queue | Villager (Male) |
| 18:33 | Queue | Villager (Male) |
| 18:54 | Queue | Villager (Male) |
| 19:09 | Queue | Samurai |
| 19:13 | Build | Farm |
| 19:14 | Build | Farm |
| 19:22 | Queue | Villager (Male) |
| 19:40 | Queue | Villager (Male) |
| 19:48 | Queue | Villager (Male) |
| 19:56 | Build | Town Center |
| 20:04 | Queue | Samurai |
| 20:07 | Queue | Battering Ram |
| 20:28 | Queue | Villager (Male) |
| 20:28 | Queue | Villager (Male) |
| 20:31 | Build | Farm |
| 20:33 | Build | Farm |
| 20:40 | Queue | Samurai |
| 20:52 | Queue | Villager (Male) |
| 20:56 | Build | Farm |
| 20:57 | Build | Farm |
| 21:04 | Queue | Villager (Male) |
| 21:13 | Queue | Villager (Male) |
| 21:13 | Queue | Villager (Male) |
| 21:15 | Build | Farm |
| 21:36 | Queue | Villager (Male) |
| 21:37 | Queue | Villager (Male) |
| 21:39 | Queue | Villager (Male) |
| 21:54 | Build | Farm |
| 21:56 | Build | Farm |
| 21:57 | Build | Farm |
| 22:06 | Queue | Villager (Male) |
| 22:06 | Queue | Villager (Male) |
| 22:07 | Build | Farm |
| 22:22 | Queue | Villager (Male) |
| 22:22 | Queue | Villager (Male) |
| 22:32 | Queue | Villager (Male) |
| 23:00 | Build | Castle |
| 23:01 | Queue | Villager (Male) |
| 23:01 | Build | Outpost |
| 23:03 | Queue | Villager (Male) |
| 23:05 | Queue | Mangonel |
| 23:13 | Queue | Villager (Male) |
| 23:19 | Build | Farm |
| 23:20 | Build | Farm |
| 23:32 | Queue | Villager (Male) |
| 23:34 | Queue | Villager (Male) |
| 23:34 | Queue | Villager (Male) |
| 23:41 | Build | Farm |
| 23:44 | Build | Farm |
| 23:44 | Build | Farm |
| 23:47 | Research | Wheelbarrow |
| 23:47 | Queue | Villager (Male) |
| 23:49 | Build | Lumber Camp |
| 24:04 | Research | Fletching |
| 24:17 | Queue | Villager (Male) |
| 24:17 | Queue | Villager (Male) |
| 24:28 | Queue | Battering Ram |
| 24:31 | Queue | Samurai |
| 24:32 | Queue | Samurai |
| 24:41 | Queue | Villager (Male) |
| 24:41 | Queue | Villager (Male) |
| 24:45 | Build | Farm |
| 24:46 | Build | Farm |
| 24:54 | Research | Scale Mail Armor |
| 24:56 | Queue | Samurai |
| 25:00 | Queue | Battering Ram |
| 25:04 | Build | Farm |
| 25:04 | Build | Farm |
| 25:05 | Build | Farm |
| 25:05 | Build | Farm |
| 25:05 | Build | Farm |
| 25:05 | Build | Farm |
| 25:06 | Build | Farm |
| 25:30 | Queue | Villager (Male) |
Match timeline
| 9:16 | Fr4ggi · first_building Barracks |
| 10:52 | Fr4ggi · age_up feudal |
| 10:57 | Fr4ggi · first_building Stable |
| 10:59 | Shogun Dominic · age_up feudal |
| 11:06 | stubbornsandwich · age_up feudal |
| 11:07 | PJtheDcoy · age_up feudal |
| 11:22 | Quando · age_up feudal |
| 11:27 | Relief · age_up feudal |
| 11:46 | Myrmidon Overlord · age_up feudal |
| 12:28 | Hebron · age_up feudal |
| 14:55 | Quando · age_up castle |
| 14:57 | Relief · age_up castle |
| 14:58 | Quando · first_building Castle |
| 15:00 | Relief · first_building Monastery |
| 15:11 | stubbornsandwich · age_up castle |
| 15:14 | Quando · first_building Siege Workshop |
| 15:22 | Myrmidon Overlord · age_up castle |
| 15:23 | Shogun Dominic · age_up castle |
| 15:32 | PJtheDcoy · first_building Barracks |
| 15:46 | PJtheDcoy · age_up castle |
| 15:55 | Myrmidon Overlord · wall_segment Stone Wall x9 |
| 15:57 | Relief · first_building Castle |
| 16:01 | Hebron · age_up castle |
| 16:04 | Hebron · first_building Castle |
| 16:05 | Fr4ggi · age_up castle |
| 16:10 | Myrmidon Overlord · wall_segment Stone Wall x1 |
| 16:22 | PJtheDcoy · first_building Siege Workshop |
| 16:26 | Myrmidon Overlord · first_building Siege Workshop |
| 16:43 | stubbornsandwich · first_building Barracks |
| 16:50 | Hebron · first_building Monastery |
| 17:03 | stubbornsandwich · first_building Castle |
| 17:20 | Myrmidon Overlord · first_building Krepost |
| 17:49 | Myrmidon Overlord · first_market_sell 100 food |
| 17:55 | stubbornsandwich · first_building Archery Range |
| 18:24 | Shogun Dominic · first_building Barracks |
| 18:43 | Shogun Dominic · first_building Siege Workshop |
| 18:50 | Myrmidon Overlord · wall_segment Stone Wall x3 |
| 18:54 | stubbornsandwich · first_market_buy 100 food |
| 20:17 | Myrmidon Overlord · wall_segment Stone Wall x1 |
| 20:21 | Myrmidon Overlord · wall_segment Stone Wall x1 |
| 20:40 | stubbornsandwich · first_market_sell 100 wood |
| 20:53 | Myrmidon Overlord · wall_segment Stone Wall x2 |
| 21:40 | PJtheDcoy · first_building Archery Range |
| 23:13 | Relief · first_building Barracks |
| 23:24 | Myrmidon Overlord · wall_segment Stone Wall x4 |
| 24:06 | Shogun Dominic · first_building Castle |
| 24:06 | PJtheDcoy · wall_segment Stone Wall x2 |
| 24:16 | PJtheDcoy · wall_segment Stone Wall x3 |
| 24:31 | Myrmidon Overlord · first_market_buy 100 stone |
| 24:45 | Fr4ggi · first_building Siege Workshop |
| 25:15 | Relief · first_building Archery Range |
| 25:55 | Quando · first_market_sell 100 wood |
| 30:09 | Shogun Dominic · first_building Archery Range |
| 30:18 | Hebron · first_market_buy 100 stone |
| 31:30 | Quando · first_building Monastery |
| 31:38 | Quando · first_building Barracks |
| 31:39 | PJtheDcoy · wall_segment Stone Wall x5 |
| 31:44 | PJtheDcoy · wall_segment Stone Wall x1 |
| 31:48 | Fr4ggi · age_up imperial |
| 31:52 | Hebron · age_up imperial |
| 32:05 | Myrmidon Overlord · first_building Barracks |
| 32:29 | Relief · age_up imperial |
| 32:33 | Quando · first_building Archery Range |
| 32:33 | Shogun Dominic · age_up imperial |
| 32:49 | Fr4ggi · first_building Castle |
| 33:58 | Quando · first_market_buy 100 wood |
| 34:04 | Hebron · first_building Barracks |
| 34:13 | PJtheDcoy · first_building Castle |
| 34:26 | Myrmidon Overlord · age_up imperial |
| 34:30 | Quando · age_up imperial |
| 34:36 | stubbornsandwich · age_up imperial |
| 35:26 | Relief · first_building Siege Workshop |
| 36:02 | Hebron · first_building Stable |
| 36:46 | Myrmidon Overlord · wall_segment Stone Wall x4 |
| 36:57 | Myrmidon Overlord · wall_segment Stone Wall x1 |
| 36:59 | Myrmidon Overlord · wall_segment Stone Wall x1 |
| 38:27 | PJtheDcoy · age_up imperial |
| 44:16 | Myrmidon Overlord · first_building Castle |
| 45:30 | Quando · first_building Stable |
| 46:22 | Fr4ggi · tribute_sent a jugador 1 |
| 46:22 | Fr4ggi · tribute_sent a jugador 2 |
| 46:22 | Fr4ggi · tribute_sent a jugador 3 |
| 46:22 | Fr4ggi · tribute_sent a jugador 5 |
| 46:22 | Fr4ggi · tribute_sent a jugador 6 |
| 46:22 | Fr4ggi · tribute_sent a jugador 7 |
| 46:22 | Fr4ggi · tribute_sent a jugador 8 |
| 51:42 | PJtheDcoy · first_building Stable |
| 54:25 | Quando · tribute_sent a jugador 1 |
| 54:25 | Quando · tribute_sent a jugador 2 |
| 54:25 | Quando · tribute_sent a jugador 3 |
| 54:25 | Quando · tribute_sent a jugador 4 |
| 54:25 | Quando · tribute_sent a jugador 5 |
| 54:25 | Quando · tribute_sent a jugador 6 |
| 54:25 | Quando · tribute_sent a jugador 7 |
| 55:04 | Fr4ggi · first_market_sell 500 wood |
| 57:43 | Quando · tribute_sent a jugador 1 |
| 57:43 | Quando · tribute_sent a jugador 2 |
| 57:43 | Quando · tribute_sent a jugador 3 |
| 57:43 | Quando · tribute_sent a jugador 4 |
| 57:43 | Quando · tribute_sent a jugador 5 |
| 57:43 | Quando · tribute_sent a jugador 6 |
| 57:43 | Quando · tribute_sent a jugador 7 |
| 58:32 | Quando · tribute_sent a jugador 1 |
| 58:32 | Quando · tribute_sent a jugador 2 |
| 58:32 | Quando · tribute_sent a jugador 3 |
| 58:32 | Quando · tribute_sent a jugador 4 |
| 58:32 | Quando · tribute_sent a jugador 5 |
| 58:32 | Quando · tribute_sent a jugador 6 |
| 58:32 | Quando · tribute_sent a jugador 7 |
| 58:48 | PJtheDcoy · first_market_sell 500 wood |
| 59:35 | PJtheDcoy · wall_segment Stone Wall x1 |
| 63:14 | Myrmidon Overlord · first_building Archery Range |
| 65:33 | PJtheDcoy · wall_segment Stone Wall x6 |
| 65:34 | Quando · tribute_sent a jugador 1 |
| 65:34 | Quando · tribute_sent a jugador 2 |
| 65:34 | Quando · tribute_sent a jugador 3 |
| 65:34 | Quando · tribute_sent a jugador 4 |
| 65:34 | Quando · tribute_sent a jugador 5 |
| 65:34 | Quando · tribute_sent a jugador 6 |
| 65:34 | Quando · tribute_sent a jugador 7 |
| 65:36 | PJtheDcoy · wall_segment Stone Wall x5 |
| 66:34 | Hebron · tribute_sent a jugador 2 |
| 66:34 | Hebron · tribute_sent a jugador 3 |
| 66:34 | Hebron · tribute_sent a jugador 4 |
| 66:34 | Hebron · tribute_sent a jugador 5 |
| 66:34 | Hebron · tribute_sent a jugador 6 |
| 66:34 | Hebron · tribute_sent a jugador 7 |
| 66:34 | Hebron · tribute_sent a jugador 8 |
| 67:49 | PJtheDcoy · wall_segment Stone Wall x1 |
| 69:37 | Fr4ggi · first_building Archery Range |
| 70:09 | Hebron · tribute_sent a jugador 2 |
| 70:09 | Hebron · tribute_sent a jugador 3 |
| 70:09 | Hebron · tribute_sent a jugador 4 |
| 70:09 | Hebron · tribute_sent a jugador 5 |
| 70:09 | Hebron · tribute_sent a jugador 6 |
| 70:09 | Hebron · tribute_sent a jugador 7 |
| 70:09 | Hebron · tribute_sent a jugador 8 |
| 76:09 | Hebron · tribute_sent a jugador 2 |
| 76:09 | Hebron · tribute_sent a jugador 3 |
| 76:09 | Hebron · tribute_sent a jugador 4 |
| 76:09 | Hebron · tribute_sent a jugador 5 |
| 76:09 | Hebron · tribute_sent a jugador 6 |
| 76:09 | Hebron · tribute_sent a jugador 7 |
| 76:09 | Hebron · tribute_sent a jugador 8 |
| 76:58 | Relief · first_market_sell 500 food |
| 77:32 | Hebron · tribute_sent a jugador 2 |
| 77:32 | Hebron · tribute_sent a jugador 3 |
| 77:32 | Hebron · tribute_sent a jugador 4 |
| 77:32 | Hebron · tribute_sent a jugador 5 |
| 77:32 | Hebron · tribute_sent a jugador 6 |
| 77:32 | Hebron · tribute_sent a jugador 7 |
| 77:32 | Hebron · tribute_sent a jugador 8 |
| 80:24 | Myrmidon Overlord · first_building Stable |
| 81:41 | stubbornsandwich · tribute_sent a jugador 1 |
| 81:41 | stubbornsandwich · tribute_sent a jugador 2 |
| 81:41 | stubbornsandwich · tribute_sent a jugador 4 |
| 81:41 | stubbornsandwich · tribute_sent a jugador 5 |
| 81:41 | stubbornsandwich · tribute_sent a jugador 6 |
| 81:41 | stubbornsandwich · tribute_sent a jugador 7 |
| 81:41 | stubbornsandwich · tribute_sent a jugador 8 |
| 83:21 | stubbornsandwich · tribute_sent a jugador 1 |
| 83:21 | stubbornsandwich · tribute_sent a jugador 2 |
| 83:21 | stubbornsandwich · tribute_sent a jugador 4 |
| 83:21 | stubbornsandwich · tribute_sent a jugador 5 |
| 83:21 | stubbornsandwich · tribute_sent a jugador 6 |
| 83:21 | stubbornsandwich · tribute_sent a jugador 7 |
| 83:21 | stubbornsandwich · tribute_sent a jugador 8 |
| 83:27 | stubbornsandwich · tribute_sent a jugador 1 |
| 83:27 | stubbornsandwich · tribute_sent a jugador 2 |
| 83:27 | stubbornsandwich · tribute_sent a jugador 4 |
| 83:27 | stubbornsandwich · tribute_sent a jugador 5 |
| 83:27 | stubbornsandwich · tribute_sent a jugador 6 |
| 83:27 | stubbornsandwich · tribute_sent a jugador 7 |
| 83:27 | stubbornsandwich · tribute_sent a jugador 8 |
| 87:37 | Shogun Dominic · tribute_sent a jugador 1 |
| 87:37 | Shogun Dominic · tribute_sent a jugador 2 |
| 87:37 | Shogun Dominic · tribute_sent a jugador 3 |
| 87:37 | Shogun Dominic · tribute_sent a jugador 4 |
| 87:37 | Shogun Dominic · tribute_sent a jugador 6 |
| 87:37 | Shogun Dominic · tribute_sent a jugador 7 |
| 87:37 | Shogun Dominic · tribute_sent a jugador 8 |
| 87:40 | stubbornsandwich · tribute_sent a jugador 1 |
| 87:40 | stubbornsandwich · tribute_sent a jugador 2 |
| 87:40 | stubbornsandwich · tribute_sent a jugador 4 |
| 87:40 | stubbornsandwich · tribute_sent a jugador 5 |
| 87:40 | stubbornsandwich · tribute_sent a jugador 6 |
| 87:40 | stubbornsandwich · tribute_sent a jugador 7 |
| 87:40 | stubbornsandwich · tribute_sent a jugador 8 |
| 87:59 | Shogun Dominic · first_building Stable |
| 91:07 | Fr4ggi · tribute_sent a jugador 1 |
| 91:07 | Fr4ggi · tribute_sent a jugador 2 |
| 91:07 | Fr4ggi · tribute_sent a jugador 3 |
| 91:07 | Fr4ggi · tribute_sent a jugador 5 |
| 91:07 | Fr4ggi · tribute_sent a jugador 6 |
| 91:07 | Fr4ggi · tribute_sent a jugador 7 |
| 91:07 | Fr4ggi · tribute_sent a jugador 8 |
| 91:40 | PJtheDcoy · tribute_sent a jugador 1 |
| 91:40 | PJtheDcoy · tribute_sent a jugador 3 |
| 91:40 | PJtheDcoy · tribute_sent a jugador 4 |
| 91:40 | PJtheDcoy · tribute_sent a jugador 5 |
| 91:40 | PJtheDcoy · tribute_sent a jugador 6 |
| 91:40 | PJtheDcoy · tribute_sent a jugador 7 |
| 91:40 | PJtheDcoy · tribute_sent a jugador 8 |
| 92:17 | Fr4ggi · tribute_sent a jugador 1 |
| 92:17 | Fr4ggi · tribute_sent a jugador 2 |
| 92:17 | Fr4ggi · tribute_sent a jugador 3 |
| 92:17 | Fr4ggi · tribute_sent a jugador 5 |
| 92:17 | Fr4ggi · tribute_sent a jugador 6 |
| 92:17 | Fr4ggi · tribute_sent a jugador 7 |
| 92:17 | Fr4ggi · tribute_sent a jugador 8 |
| 94:32 | stubbornsandwich · tribute_sent a jugador 1 |
| 94:32 | stubbornsandwich · tribute_sent a jugador 2 |
| 94:32 | stubbornsandwich · tribute_sent a jugador 4 |
| 94:32 | stubbornsandwich · tribute_sent a jugador 5 |
| 94:32 | stubbornsandwich · tribute_sent a jugador 6 |
| 94:32 | stubbornsandwich · tribute_sent a jugador 7 |
| 94:32 | stubbornsandwich · tribute_sent a jugador 8 |
| 96:04 | Relief · tribute_sent a jugador 1 |
| 96:04 | Relief · tribute_sent a jugador 2 |
| 96:04 | Relief · tribute_sent a jugador 3 |
| 96:04 | Relief · tribute_sent a jugador 4 |
| 96:04 | Relief · tribute_sent a jugador 5 |
| 96:04 | Relief · tribute_sent a jugador 7 |
| 96:04 | Relief · tribute_sent a jugador 8 |
| 98:55 | Hebron · first_market_sell 500 wood |
| 99:18 | Hebron · tribute_sent a jugador 2 |
| 99:18 | Hebron · tribute_sent a jugador 3 |
| 99:18 | Hebron · tribute_sent a jugador 4 |
| 99:18 | Hebron · tribute_sent a jugador 5 |
| 99:18 | Hebron · tribute_sent a jugador 6 |
| 99:18 | Hebron · tribute_sent a jugador 7 |
| 99:18 | Hebron · tribute_sent a jugador 8 |
| 99:19 | Myrmidon Overlord · tribute_sent a jugador 1 |
| 99:19 | Myrmidon Overlord · tribute_sent a jugador 2 |
| 99:19 | Myrmidon Overlord · tribute_sent a jugador 3 |
| 99:19 | Myrmidon Overlord · tribute_sent a jugador 4 |
| 99:19 | Myrmidon Overlord · tribute_sent a jugador 5 |
| 99:19 | Myrmidon Overlord · tribute_sent a jugador 6 |
| 99:19 | Myrmidon Overlord · tribute_sent a jugador 8 |
| 99:20 | Shogun Dominic · tribute_sent a jugador 1 |
| 99:20 | Shogun Dominic · tribute_sent a jugador 2 |
| 99:20 | Shogun Dominic · tribute_sent a jugador 3 |
| 99:20 | Shogun Dominic · tribute_sent a jugador 4 |
| 99:20 | Shogun Dominic · tribute_sent a jugador 6 |
| 99:20 | Shogun Dominic · tribute_sent a jugador 7 |
| 99:20 | Shogun Dominic · tribute_sent a jugador 8 |
| 101:46 | Shogun Dominic · first_market_buy 100 stone |
| 101:49 | PJtheDcoy · wall_segment Stone Wall x5 |
| 104:05 | Relief · first_building Stable |
| 108:53 | Myrmidon Overlord · wall_segment Palisade Wall x1 |
| 108:55 | Myrmidon Overlord · wall_segment Palisade Wall x1 |
| 109:00 | Myrmidon Overlord · wall_segment Palisade Wall x1 |
| 109:02 | Myrmidon Overlord · wall_segment Palisade Wall x1 |
| 111:23 | Relief · tribute_sent a jugador 1 |
| 111:23 | Relief · tribute_sent a jugador 2 |
| 111:23 | Relief · tribute_sent a jugador 3 |
| 111:23 | Relief · tribute_sent a jugador 4 |
| 111:23 | Relief · tribute_sent a jugador 5 |
| 111:23 | Relief · tribute_sent a jugador 7 |
| 111:23 | Relief · tribute_sent a jugador 8 |
| 111:23 | Shogun Dominic · tribute_sent a jugador 1 |
| 111:23 | Shogun Dominic · tribute_sent a jugador 2 |
| 111:23 | Shogun Dominic · tribute_sent a jugador 3 |
| 111:23 | Shogun Dominic · tribute_sent a jugador 4 |
| 111:23 | Shogun Dominic · tribute_sent a jugador 6 |
| 111:23 | Shogun Dominic · tribute_sent a jugador 7 |
| 111:23 | Shogun Dominic · tribute_sent a jugador 8 |
| 111:25 | Hebron · tribute_sent a jugador 2 |
| 111:25 | Hebron · tribute_sent a jugador 3 |
| 111:25 | Hebron · tribute_sent a jugador 4 |
| 111:25 | Hebron · tribute_sent a jugador 5 |
| 111:25 | Hebron · tribute_sent a jugador 6 |
| 111:25 | Hebron · tribute_sent a jugador 7 |
| 111:25 | Hebron · tribute_sent a jugador 8 |
| 111:27 | Fr4ggi · tribute_sent a jugador 1 |
| 111:27 | Fr4ggi · tribute_sent a jugador 2 |
| 111:27 | Fr4ggi · tribute_sent a jugador 3 |
| 111:27 | Fr4ggi · tribute_sent a jugador 5 |
| 111:27 | Fr4ggi · tribute_sent a jugador 6 |
| 111:27 | Fr4ggi · tribute_sent a jugador 7 |
| 111:27 | Fr4ggi · tribute_sent a jugador 8 |
| 111:36 | Myrmidon Overlord · tribute_sent a jugador 1 |
| 111:36 | Myrmidon Overlord · tribute_sent a jugador 2 |
| 111:36 | Myrmidon Overlord · tribute_sent a jugador 3 |
| 111:36 | Myrmidon Overlord · tribute_sent a jugador 4 |
| 111:36 | Myrmidon Overlord · tribute_sent a jugador 5 |
| 111:36 | Myrmidon Overlord · tribute_sent a jugador 6 |
| 111:36 | Myrmidon Overlord · tribute_sent a jugador 8 |
| 111:45 | Hebron · tribute_sent a jugador 2 |
| 111:45 | Hebron · tribute_sent a jugador 3 |
| 111:45 | Hebron · tribute_sent a jugador 4 |
| 111:45 | Hebron · tribute_sent a jugador 5 |
| 111:45 | Hebron · tribute_sent a jugador 6 |
| 111:45 | Hebron · tribute_sent a jugador 7 |
| 111:45 | Hebron · tribute_sent a jugador 8 |
| 111:56 | Shogun Dominic · first_building Monastery |
| 112:06 | Quando · wall_segment Stone Wall x12 |
| 112:08 | Quando · wall_segment Stone Wall x1 |
| 112:10 | Fr4ggi · wall_segment Stone Wall x26 |
| 113:40 | Fr4ggi · wall_segment Stone Wall x26 |
| 113:41 | Relief · tribute_sent a jugador 1 |
| 113:41 | Relief · tribute_sent a jugador 2 |
| 113:41 | Relief · tribute_sent a jugador 3 |
| 113:41 | Relief · tribute_sent a jugador 4 |
| 113:41 | Relief · tribute_sent a jugador 5 |
| 113:41 | Relief · tribute_sent a jugador 7 |
| 113:41 | Relief · tribute_sent a jugador 8 |
| 115:09 | Quando · resign |
[ AI ANALYSIS · 1 CREDIT ]
What really happened in this match?
Wolo.gg analyzes every decision: build order, eco, micro, common mistakes by bracket. Personalized analysis on WhatsApp or Discord in 30 seconds.
Civ guide
Persians
Perfil
Jugador #6051949